[Event "Titled Tuesday Blitz November 08 Late 2022"]
[White "Guimaraes, Marcelo Cunha"]
[Black "Goncalves, Davi Sulzbacher"]
[WhiteFideId "2118068"]
[BlackFideId "2154510"]
[WhiteElo "2108"]
[BlackElo "2182"]
[Result "0-1"]
[Round "04"]
[TimeControl "180+1"]
[Date "2022.11.09"]
[WhiteClock "0:00:06"]
[BlackClock "0:00:34"]

1. e4 c6 2. d4 d5 3. e5 Bf5 4. Nf3 e6 5. Be2 Be7 6. O-O c5 7. c4 dxc4 8. Bxc4 Nc6 9. d5 exd5 10. Bxd5 Be6 11. Bxe6 fxe6 12. Nc3 Qxd1 13. Rxd1 Rd8 14. Be3 Nh6 15. Ne4 b6 16. Neg5 Rxd1+ 17. Rxd1 Nd8 18. h3 Nf5 19. Bf4 h6 20. Ne4 Rf8 21. Bh2 Nc6 22. Nd6+ Bxd6 23. exd6 Kd7 24. Ne5+ Nxe5 25. Bxe5 g5 26. g4 Nh4 27. Bg7 Rf7 28. Bxh6 Rh7 29. Bf8 Ng6 30. Be7 Nf4 31. h4 Rxh4 32. f3 Rh3 33. Rf1 Rg3+ 34. Kf2 Rg2+ 35. Ke1 Nd3+ 36. Kd1 Nxb2+ 37. Kc1 Nd3+ 38. Kb1 c4 39. Bxg5 c3 0-1


[Site "https://www.chess.com"]

[Event "Titled Tuesday Blitz November 08 Late 2022"]
[White "Guzman, Christopher"]
[Black "Rosenberg, Evan S"]
[WhiteFideId "6405096"]
[BlackFideId "2019299"]
[WhiteElo "2272"]
[BlackElo "2398"]
[Result "1-0"]
[Round "04"]
[TimeControl "180+1"]
[Date "2022.11.09"]
[WhiteClock "0:01:14"]
[BlackClock "0:00:01"]

1. e4 e5 2. Nf3 Nc6 3. Bb5 Nf6 4. d3 Ne7 5. Bc4 Ng6 6. h4 h6 7. h5 Nf4 8. Nxe5 Nxg2+ 9. Kf1 d5 10. exd5 Bd6 11. d4 Bxe5 12. dxe5 Bg4 13. Qd3 Nd7 14. Kxg2 Nxe5 15. Qe3 Bf3+ 16. Kf1 O-O 17. Qxe5 Bxh1 18. Nc3 Qh4 19. Qg3 Qxc4+ 20. Kg1 Rae8 21. Bxh6 Qd4 22. Kxh1 Kh7 23. Be3 Qf6 24. Kg1 Re5 25. Rd1 Rxh5 26. Rd4 Re8 27. Rg4 g6 28. Ne4 Qxb2 29. Ng5+ Kg8 30. Kg2 Qxc2 31. Nf3 Rxe3 32. Qf4 Re2 33. Nd4 Rxf2+ 34. Qxf2 Qxf2+ 35. Kxf2 Rxd5 36. Ke3 Ra5 37. Rg2 Ra3+ 38. Ke4 Ra4 39. Kd3 c5 40. Nb5 a6 41. Nc3 Rd4+ 42. Ke3 b5 43. Ne4 Rc4 44. Kd3 1-0


[Site "https://www.chess.com"]

[Event "Titled Tuesday Blitz November 08 Late 2022"]
[White "Hamley, Ryan"]
[Black "Mikhailov, Viacheslav"]
[WhiteFideId "30959497"]
[BlackFideId "4187369"]
[WhiteElo "2531"]
[BlackElo "2381"]
[Result "1-0"]
[Round "04"]
[TimeControl "180+1"]
[Date "2022.11.09"]
[WhiteClock "0:00:07"]
[BlackClock "0:00:01"]

1. d4 Nf6 2. c4 g6 3. Nc3 Bg7 4. e4 O-O 5. h3 d6 6. Be3 e5 7. d5 Nbd7 8. g4 Nc5 9. Qc2 a5 10. Nge2 b6 11. Ng3 Bd7 12. Be2 c6 13. Rd1 cxd5 14. cxd5 Rc8 15. Qb1 b5 16. Nxb5 Qb6 17. Nc3 Rb8 18. Rd2 Qb4 19. O-O a4 20. a3 Qa5 21. Rc2 Nb3 22. Rd1 Rfc8 23. Na2 Nd4 24. Bxd4 exd4 25. Nb4 Rxc2 26. Qxc2 Rc8 27. Qd3 h6 28. Nc2 Qb6 29. Qxd4 Qb7 30. Qb4 Qa7 31. Nd4 Rb8 32. Qd2 Nh7 33. Nc6 Bxc6 34. dxc6 Be5 35. Nf1 Rxb2 36. Qe3 Qc7 37. Rc1 Nf8 38. Bc4 Kg7 39. Bd5 Rb6 40. Nd2 Rb2 41. Nc4 1-0


[Site "https://www.chess.com"]

[Event "Titled Tuesday Blitz November 08 Late 2022"]
[White "Han, Yichen"]
[Black "Fernandez Siles, Luis"]
[WhiteFideId "1054430"]
[BlackFideId "2209420"]
[WhiteElo "2323"]
[BlackElo "2186"]
[Result "1-0"]
[Round "04"]
[TimeControl "180+1"]
[Date "2022.11.09"]
[WhiteClock "0:00:27"]
[BlackClock "0:00:07"]

1. b3 b6 2. Bb2 Bb7 3. Nf3 e6 4. g3 f5 5. Bg2 Nf6 6. O-O Be7 7. d3 O-O 8. Nbd2 Qe8 9. e4 fxe4 10. Ng5 Nc6 11. Ngxe4 Nxe4 12. Nxe4 d5 13. Qg4 Qf7 14. Ng5 Bxg5 15. Qxg5 h6 16. Qg4 e5 17. c4 Nb4 18. Rad1 Rae8 19. a3 Na6 20. b4 c5 21. f4 d4 22. fxe5 Qc7 23. b5 Nb8 24. Bxb7 Qxb7 25. Bc1 Rxf1+ 26. Rxf1 Rxe5 27. Bxh6 Qe7 28. Bf4 Re2 29. Qc8+ Kh7 30. Qh3+ Kg8 31. Qc8+ Kh7 32. Qxb8 Re1 33. Qb7 Qe2 34. Qe4+ Qxe4 35. dxe4 Rxe4 36. Rd1 Re2 37. Bb8 Ra2 38. Bxa7 Rxa3 39. Bxb6 Rc3 40. Bxc5 Rxc4 41. Bxd4 Rb4 42. b6 1-0


[Site "https://www.chess.com"]

[Event "Titled Tuesday Blitz November 08 Late 2022"]
[White "Harvey, Marcus R"]
[Black "Ibarra Jerez, Jose Carlos"]
[WhiteFideId "400092"]
[BlackFideId "2226332"]
[WhiteElo "2457"]
[BlackElo "2638"]
[Result "1/2-1/2"]
[Round "04"]
[TimeControl "180+1"]
[Date "2022.11.08"]
[WhiteClock "0:00:08"]
[BlackClock "0:00:07"]

1. Nf3 d6 2. d4 Nf6 3. b3 g6 4. Bb2 Bg7 5. g3 O-O 6. Bg2 b5 7. Nfd2 c6 8. O-O Bb7 9. e4 Nbd7 10. e5 dxe5 11. dxe5 Nd5 12. Qe2 Qc7 13. Re1 Nc5 14. Nc3 Nb4 15. Rac1 a5 16. a3 Nba6 17. f4 Rad8 18. Nce4 f5 19. Ng5 h6 20. Ngf3 Ne6 21. Nh4 Kh7 22. Ndf3 Qb6+ 23. Kh1 c5 24. Rcd1 Be4 25. Nxg6 Kxg6 26. Nh4+ Kf7 27. Bxe4 fxe4 28. Qxe4 Kg8 29. Ng6 Rfe8 30. h4 Nd4 31. f5 Qc6 32. Rxd4 Qxe4+ 33. Rdxe4 c4 34. bxc4 Nc5 35. Rg4 Kh7 36. cxb5 Rd2 37. Bd4 h5 38. Rf4 Ne6 39. fxe6 Kxg6 40. c4 Rd8 41. Be3 R2d3 42. c5 Bxe5 43. Re4 Bf6 44. c6 Rc3 45. Kg2 Rd5 46. Re2 Rxb5 47. g4 Rxc6 48. g5 Bg7 49. Bd4 Rb3 50. Bxg7 Kxg7 51. Rf4 Kg6 52. Rf7 Rxe6 53. Rxe6+ Kxf7 54. Rh6 Rxa3 55. Rxh5 a4 56. Rh6 Rb3 57. Ra6 a3 58. Kh2 e5 59. h5 e4 60. h6 Rb5 61. h7 Kg7 62. Ra8 Kxh7 63. Rxa3 Kg6 64. Kg3 Kxg5 65. Ra8 Rb3+ 66. Kf2 Rb2+ 67. Ke3 Rb4 68. Rf8 Kg6 69. Rf4 Rb3+ 70. Kxe4 Kg5 71. Rf5+ Kg6 72. Rf2 Rb4+ 73. Kf3 Kf5 74. Kg2+ Kg4 75. Kf1 Kg3 76. Rg2+ Kh3 77. Re2 Rb1+ 78. Kf2 Rb3 79. Re3+ Rxe3 80. Kxe3 1/2-1/2


[Site "https://www.chess.com"]

[Event "Titled Tuesday Blitz November 08 Late 2022"]
[White "Hoffmann, Asa"]
[Black "Ashiku, Franc"]
[WhiteFideId "2001470"]
[BlackFideId "4700066"]
[WhiteElo "2117"]
[BlackElo "2306"]
[Result "1-0"]
[Round "04"]
[TimeControl "180+1"]
[Date "2022.11.09"]
[WhiteClock "0:01:31"]
[BlackClock "0:00:07"]

1. d4 Nf6 2. Bg5 c5 3. d5 Ne4 4. Bc1 g6 5. f3 Nf6 6. e4 d6 7. Nc3 Bg7 8. Be3 O-O 9. Qd2 a6 10. Bh6 Bxh6 11. Qxh6 Qb6 12. O-O-O Qa5 13. h4 b5 14. h5 b4 15. hxg6 fxg6 16. e5 dxe5 17. Ne4 Rf7 18. Nxf6+ exf6 19. Bc4 Rg7 20. d6+ Kh8 21. Ne2 Nd7 22. Ng3 Nb6 23. Ne4 Nxc4 24. Nxf6 Bh3 25. Rxh3 Raa7 26. d7 Qd8 27. Qxh7+ 1-0


[Site "https://www.chess.com"]

[Event "Titled Tuesday Blitz November 08 Late 2022"]
[White "Holt, Conrad"]
[Black "Ribeiro, Matheus Mendes Domingues"]
[WhiteFideId "2034387"]
[BlackFideId "324226923"]
[WhiteElo "2592"]
[BlackElo "2098"]
[Result "1-0"]
[Round "04"]
[TimeControl "180+1"]
[Date "2022.11.08"]
[WhiteClock "0:00:34"]
[BlackClock "0:00:01"]

1. d4 d5 2. c4 e6 3. Nc3 Nf6 4. cxd5 exd5 5. Bg5 Be7 6. e3 O-O 7. Bd3 c6 8. Qc2 Nbd7 9. Nf3 Re8 10. O-O Nf8 11. Ne5 Ng6 12. f4 Ng4 13. Bxe7 Qxe7 14. Rae1 N4xe5 15. fxe5 Be6 16. Qf2 a6 17. Kh1 Rac8 18. e4 Qg5 19. exd5 cxd5 20. Re3 b5 21. a3 Ne7 22. Rf3 Qh5 23. Ne2 Ng6 24. Ng3 Qh4 25. Qe3 Ne7 26. Rf4 Qh6 27. Qf3 Rf8 28. Nf5 Nxf5 29. Bxf5 Bxf5 30. Rxf5 Rc1 31. Qxd5 Qe3 32. Rxf7 Rxf1+ 33. Rxf1+ 1-0


[Site "https://www.chess.com"]

[Event "Titled Tuesday Blitz November 08 Late 2022"]
[White "Hristodoulou, Panagiotis"]
[Black "Dudzinski, Pawel"]
[WhiteFideId "4214340"]
[BlackFideId "1117890"]
[WhiteElo "2272"]
[BlackElo "2086"]
[Result "1-0"]
[Round "04"]
[TimeControl "180+1"]
[Date "2022.11.09"]
[WhiteClock "0:00:24"]
[BlackClock "0:00:15"]

1. e4 c6 2. d4 d5 3. exd5 cxd5 4. Bd3 Nc6 5. c3 Nf6 6. h3 g6 7. Nf3 Bf5 8. Ne5 Nxe5 9. dxe5 Bxd3 10. Qxd3 Ne4 11. Be3 a6 12. Nd2 Nxd2 13. Qxd2 Bg7 14. f4 e6 15. O-O-O Qa5 16. Kb1 h5 17. Qd3 Qb5 18. Qc2 Rc8 19. g4 Rc4 20. Bd4 Qd7 21. f5 exf5 22. gxf5 Qxf5 23. Qxf5 gxf5 24. Rdf1 Rc6 25. Rxf5 Rch6 26. Rhf1 O-O 27. Rg5 Kh7 28. Rff5 h4 29. Rg4 f6 30. exf6 Bxf6 31. Rgf4 Kg7 32. Kc2 Rg6 33. Kb3 Rh6 34. Kb4 b6 35. a4 Rg6 36. a5 bxa5+ 37. Kxa5 Rh6 38. b4 Rg6 39. Rxf6 Rfxf6 40. Rxf6 Rxf6 41. Bxf6+ Kxf6 42. Kxa6 d4 43. cxd4 Ke6 44. b5 Kd5 45. b6 Ke4 46. b7 Kf3 47. b8=Q Kg2 48. Qc8 Kh2 49. Qg4 Kh1 50. Kb5 Kh2 51. Kb4 Kh1 52. Kc3 Kh2 53. Kd2 Kh1 54. Ke2 Kh2 55. Kf2 Kh1 56. Qg2# 1-0


[Site "https://www.chess.com"]

[Event "Titled Tuesday Blitz November 08 Late 2022"]
[White "Indjic, Aleksandar"]
[Black "Brown, Andrew"]
[WhiteFideId "911925"]
[BlackFideId "3206513"]
[WhiteElo "2592"]
[BlackElo "2245"]
[Result "1-0"]
[Round "04"]
[TimeControl "180+1"]
[Date "2022.11.08"]
[WhiteClock "0:01:58"]
[BlackClock "0:00:04"]

1. e4 g6 2. d4 Bg7 3. c4 d6 4. Nc3 Nd7 5. Be3 e5 6. Nf3 exd4 7. Nxd4 Ngf6 8. Be2 O-O 9. Qc2 Nc5 10. O-O-O Ng4 11. Bxg4 Bxg4 12. f3 Bd7 13. h4 a6 14. h5 b5 15. Nde2 b4 16. Nd5 c6 17. Nxb4 Qa5 18. a3 Rab8 19. hxg6 fxg6 20. Bd4 Rxb4 21. axb4 Qxb4 22. Bxg7 Kxg7 23. Qc3+ Qxc3+ 24. Nxc3 Nb7 25. c5 Nxc5 26. Rxd6 Rc8 27. b4 1-0


[Site "https://www.chess.com"]

[Event "Titled Tuesday Blitz November 08 Late 2022"]
[White "Ivanisevic, Ivan"]
[Black "Melkumyan, Hrant"]
[WhiteFideId "912417"]
[BlackFideId "13302485"]
[WhiteElo "2582"]
[BlackElo "2604"]
[Result "0-1"]
[Round "04"]
[TimeControl "180+1"]
[Date "2022.11.08"]
[WhiteClock "0:00:11"]
[BlackClock "0:00:40"]

1. e4 c5 2. Nc3 Nc6 3. f4 g6 4. Nf3 Bg7 5. a3 e6 6. b4 d6 7. bxc5 dxc5 8. e5 Nge7 9. Ne4 O-O 10. Bb2 b6 11. g3 Nf5 12. Bd3 Bb7 13. O-O Ncd4 14. Nxd4 Nxd4 15. Nd6 Bd5 16. Bxd4 cxd4 17. Qe2 Qc7 18. Ne4 Rfc8 19. a4 Rd8 20. Rfb1 Bc6 21. h4 h5 22. Kh2 Rd5 23. Bc4 Ra5 24. Bb5 Bd5 25. Rb2 Rc8 26. Nd6 Rd8 27. Rab1 Bf8 28. Ne4 Ba3 29. Rb3 Bxb3 30. Rxb3 Be7 31. Qd3 a6 32. Bxa6 Rxa4 33. Bb5 Ra2 34. Bc4 Rc8 0-1


[Site "https://www.chess.com"]

[Event "Titled Tuesday Blitz November 08 Late 2022"]
[White "Jimenez Almeida, Luis David"]
[Black "Kopacz, Grzegorz"]
[WhiteFideId "22242244"]
[BlackFideId "1109880"]
[WhiteElo "2158"]
[BlackElo "2037"]
[Result "0-1"]
[Round "04"]
[TimeControl "180+1"]
[Date "2022.11.09"]
[WhiteClock "0:00:07"]
[BlackClock "0:00:14"]

1. e4 c5 2. Nc3 Nc6 3. Nge2 g6 4. g3 Bg7 5. Bg2 d6 6. d3 e6 7. Be3 Nge7 8. Qd2 h5 9. h3 Rb8 10. a4 a6 11. O-O O-O 12. d4 cxd4 13. Nxd4 Ne5 14. b3 Qc7 15. f4 N5c6 16. Nde2 f5 17. Rad1 fxe4 18. Nxe4 d5 19. Ng5 Nf5 20. Bc5 Re8 21. Bf2 Bd7 22. Bxd5 exd5 23. Qxd5+ Kh8 24. Nf7+ Kh7 25. Ng5+ Kh8 26. Qxd7 Qxd7 27. Rxd7 Rxe2 28. c4 Ncd4 29. g4 hxg4 30. hxg4 Ne3 31. Bxe3 Rxe3 32. Kf2 Rxb3 33. Rh1+ Kg8 34. Rh7 Bf6 35. Ne4 Rf3+ 36. Kg2 Rxf4 37. Nxf6+ Rxf6 38. Rdg7+ Kf8 39. Rd7 Kg8 40. g5 Rf5 41. Rdg7+ Kf8 42. Rxg6 Re8 43. Rf6+ Rxf6 44. gxf6 Re2+ 45. Kg3 Rb2 46. Kf4 Ne6+ 47. Ke5 Nc5 48. Kd6 Nxa4 49. Ke6 Re2+ 50. Kf5 Nc5 51. Kg6 Rg2+ 52. Kf5 a5 53. Rc7 Rf2+ 54. Kg6 Rg2+ 55. Kf5 Rg5+ 56. Kxg5 Ne6+ 57. Kf5 Nxc7 58. Ke5 a4 59. Kd4 a3 60. Kc3 Kf7 61. Kb3 Kxf6 62. Kxa3 Ke6 63. Kb4 Kd6 64. Ka5 Kc5 65. Ka4 Kxc4 66. Ka5 Kc5 67. Ka4 b5+ 68. Ka5 Nd5 69. Ka6 b4 0-1


[Site "https://www.chess.com"]

[Event "Titled Tuesday Blitz November 08 Late 2022"]
[White "Jobava, Baadur"]
[Black "Kozak, Adam"]
[WhiteFideId "13601520"]
[BlackFideId "753246"]
[WhiteElo "2582"]
[BlackElo "2459"]
[Result "1-0"]
[Round "04"]
[TimeControl "180+1"]
[Date "2022.11.08"]
[WhiteClock "0:00:37"]
[BlackClock "0:00:09"]

1. b3 a5 2. Bb2 a4 3. g3 e6 4. Bg2 Nf6 5. Nf3 d5 6. O-O Be7 7. c4 axb3 8. axb3 Rxa1 9. Bxa1 O-O 10. d3 c6 11. Nbd2 Nbd7 12. Bc3 b6 13. Qa1 Bb7 14. Qb2 Re8 15. e3 Bf8 16. h3 c5 17. Rd1 Qb8 18. Ne5 Rd8 19. Ndf3 Qc8 20. Nxd7 Nxd7 21. h4 h6 22. h5 Bc6 23. cxd5 Bxd5 24. b4 Qb7 25. e4 cxb4 26. Bxb4 Bxb4 27. exd5 Be7 28. dxe6 fxe6 29. Nd4 Qa6 30. Nxe6 Bf6 31. Qb3 Kh8 32. Nxd8 Bxd8 33. Qd5 Qc8 34. Qf5 Qc7 35. Re1 Nf6 36. Re8+ Nxe8 37. Qf8+ Kh7 38. Be4+ g6 39. hxg6# 1-0


[Site "https://www.chess.com"]

[Event "Titled Tuesday Blitz November 08 Late 2022"]
[White "Jones, Gawain C B"]
[Black "Postnikov, Daniil"]
[WhiteFideId "409561"]
[BlackFideId "4166329"]
[WhiteElo "2657"]
[BlackElo "2261"]
[Result "1-0"]
[Round "04"]
[TimeControl "180+1"]
[Date "2022.11.08"]
[WhiteClock "0:00:32"]
[BlackClock "0:00:25"]

1. Nf3 d5 2. g3 Nd7 3. Bg2 e5 4. O-O Ngf6 5. d3 Bd6 6. c4 c6 7. cxd5 cxd5 8. Nc3 h6 9. Nh4 Nb6 10. a4 a5 11. Nb5 Bb4 12. Nf3 Qe7 13. Be3 Ra6 14. Rc1 d4 15. Nc7+ Kf8 16. Nxa6 bxa6 17. Bd2 Bb7 18. e3 dxe3 19. Bxe3 Nbd5 20. Bd2 g5 21. Re1 Bd6 22. Bxa5 Kg7 23. Nxe5 Bxe5 24. d4 Ne3 25. Rxe3 Bxg2 26. dxe5 Nd5 27. Kxg2 Nxe3+ 28. fxe3 Rb8 29. Bc3 Kg8 30. Qf3 Qe6 31. Rd1 Re8 32. Rd6 Qb3 33. e6 fxe6 34. Qe4 Kf8 35. Rd7 Re7 36. Rxe7 Kxe7 37. Qb4+ Qxb4 38. Bxb4+ Kd7 39. Kf3 Kc6 40. Ke4 a5 41. Bxa5 1-0


[Site "https://www.chess.com"]

[Event "Titled Tuesday Blitz November 08 Late 2022"]
[White "Jorquera, Marcelo"]
[Black "Danielyan, Vahe"]
[WhiteFideId "3401197"]
[BlackFideId "13304828"]
[WhiteElo "2136"]
[BlackElo "2423"]
[Result "0-1"]
[Round "04"]
[TimeControl "180+1"]
[Date "2022.11.09"]
[WhiteClock "0:00:01"]
[BlackClock "0:01:50"]

1. e4 e6 2. Qe2 c5 3. Nf3 Nc6 4. g3 g6 5. Bg2 Bg7 6. O-O Nge7 7. c3 O-O 8. Rd1 d5 9. e5 d4 10. d3 Qc7 11. Re1 b6 12. c4 Bb7 13. h4 Rae8 14. Bf4 a5 15. Nbd2 a4 16. Ne4 Nf5 17. Qd2 h5 18. Bh3 Nb4 19. a3 Nc6 20. Bxf5 exf5 21. Nd6 Nd8 22. Nxb7 Qxb7 23. Ng5 Ne6 24. Nxe6 Rxe6 25. Re2 Rfe8 26. Rae1 Qf3 27. Kh2 f6 28. Qd1 fxe5 29. Bg5 e4 30. Qxa4 Qxd3 31. Qd7 Qf3 32. Qc7 d3 0-1


[Site "https://www.chess.com"]

[Event "Titled Tuesday Blitz November 08 Late 2022"]
[White "Kaganskiy, Gleb"]
[Black "Ali Abdullahi, Farah"]
[WhiteFideId "4132025"]
[BlackFideId "16100212"]
[WhiteElo "2165"]
[BlackElo "2254"]
[Result "0-1"]
[Round "04"]
[TimeControl "180+1"]
[Date "2022.11.09"]
[WhiteClock "0:02:03"]
[BlackClock "0:02:15"]

1. e4 e6 2. d4 d5 3. Nd2 Nf6 4. e5 Nfd7 5. c3 c5 6. Bd3 Nc6 7. Ne2 cxd4 8. cxd4 f6 9. Nf3 fxe5 10. dxe5 Ncxe5 11. Nxe5 Nxe5 12. O-O Nxd3 13. Qxd3 Bd6 14. Bf4 O-O 15. Bxd6 Qxd6 16. Rac1 Bd7 17. Ng3 a6 18. Nh5 Bb5 19. Qd4 e5 20. Qg4 Qg6 21. Qxg6 hxg6 22. Nxg7 Kxg7 23. Rc7+ Rf7 24. Rfc1 Bc6 25. Rxf7+ Kxf7 26. g3 e4 27. h4 Ke6 0-1


[Site "https://www.chess.com"]

[Event "Titled Tuesday Blitz November 08 Late 2022"]
[White "Kanakaris, Georgios"]
[Black "Polster, Christian"]
[WhiteFideId "4209460"]
[BlackFideId "12965081"]
[WhiteElo "2291"]
[BlackElo "2209"]
[Result "1-0"]
[Round "04"]
[TimeControl "180+1"]
[Date "2022.11.09"]
[WhiteClock "0:00:18"]
[BlackClock "0:00:03"]

1. d4 f5 2. e4 fxe4 3. Nc3 Nf6 4. Bg5 e6 5. Nxe4 Be7 6. Bxf6 Bxf6 7. Nf3 O-O 8. Bd3 Nc6 9. c3 d5 10. Nxf6+ Qxf6 11. Qe2 Re8 12. Bb5 Bd7 13. Bxc6 Bxc6 14. O-O a6 15. a4 a5 16. Ne5 Re7 17. f4 Be8 18. b3 Bg6 19. Nxg6 Qxg6 20. Rae1 Rf8 21. Rf2 Rf5 22. Qb5 b6 23. Qc6 Qe8 24. Qxe8+ Rxe8 25. g3 h5 26. b4 axb4 27. cxb4 Kf7 28. Rc2 Ra8 29. Rxc7+ Kf6 30. Rc6 Rxa4 31. Rxb6 g5 32. Rbxe6+ Kf7 33. Re7+ Kf8 34. R7e5 Rxe5 35. Rxe5 gxf4 36. gxf4 Rxb4 37. Rxd5 Kf7 38. Kg2 Ke6 39. Re5+ Kf6 40. Re4 Kf5 41. Kf3 Rb3+ 42. Re3 Rb2 43. Re5+ Kf6 44. Rxh5 Rd2 45. Ke4 Re2+ 46. Kd5 Rf2 47. f5 Rf1 48. Kd6 Rd1 49. d5 Rd2 50. Kc6 Rc2+ 51. Kd7 Rd2 52. d6 Ke5 53. f6+ Kxf6 54. Kc7 Ke6 55. Rh6+ Ke5 56. d7 Rc2+ 57. Rc6 Rd2 58. d8=Q Rxd8 59. Kxd8 Kd5 60. Rg6 1-0


[Site "https://www.chess.com"]

[Event "Titled Tuesday Blitz November 08 Late 2022"]
[White "Kavutskiy, Konstantin"]
[Black "Chlpik, Martin"]
[WhiteFideId "2026384"]
[BlackFideId "14923351"]
[WhiteElo "2338"]
[BlackElo "2109"]
[Result "1-0"]
[Round "04"]
[TimeControl "180+1"]
[Date "2022.11.09"]
[WhiteClock "0:00:23"]
[BlackClock "0:00:02"]

1. d4 Nf6 2. c4 c5 3. d5 e6 4. Nc3 exd5 5. cxd5 d6 6. Nf3 g6 7. Nd2 a6 8. a4 Bg7 9. e4 O-O 10. Be2 Re8 11. O-O Nbd7 12. Qc2 Ne5 13. Re1 Neg4 14. h3 Nxf2 15. Kxf2 Ng4+ 16. Bxg4 Bxg4 17. hxg4 Qh4+ 18. g3 Qh2+ 19. Kf3 Bd4 20. Re2 Qh1+ 21. Rg2 f5 22. gxf5 gxf5 23. Ne2 fxe4+ 24. Nxe4 Qf1+ 25. Kg4 Qxg2 26. Nxd4 Rxe4+ 27. Bf4 h5+ 28. Kg5 Qh3 29. Qxe4 Qg4+ 30. Kh6 Qg7+ 31. Kxh5 1-0


[Site "https://www.chess.com"]

[Event "Titled Tuesday Blitz November 08 Late 2022"]
[White "Kim, Sergey"]
[Black "Hansen, Eric"]
[WhiteFideId "13700570"]
[BlackFideId "2606771"]
[WhiteElo "2581"]
[BlackElo "2568"]
[Result "0-1"]
[Round "04"]
[TimeControl "180+1"]
[Date "2022.11.08"]
[WhiteClock "0:00:19"]
[BlackClock "0:00:04"]

1. d4 Nf6 2. c4 e6 3. Nc3 Bb4 4. Qc2 d6 5. a3 Bxc3+ 6. Qxc3 O-O 7. Nf3 b6 8. g3 Bb7 9. Bg2 a5 10. b3 Nbd7 11. O-O Qe7 12. Bb2 h6 13. Rad1 c5 14. Rfe1 Rfc8 15. d5 exd5 16. cxd5 a4 17. e4 axb3 18. e5 Nxd5 19. Qxb3 c4 20. Qc2 c3 21. Bc1 dxe5 22. Nd4 N7f6 23. Nf5 Qe6 24. Bf4 e4 25. Bxe4 Nb4 26. Bxb7 Qxe1+ 27. Rxe1 Nxc2 28. Rc1 Rc5 29. Rxc2 Rxa3 30. Ne7+ Kh7 31. Bf3 Rb3 32. Kg2 Rb2 33. Bd1 Rxc2 34. Bxc2+ g6 35. Be3 Rc7 36. Bd4 Rxe7 37. Bxc3 Rc7 38. Bxf6 Rxc2 39. Kf3 b5 40. Ke3 b4 41. Kd3 Rxf2 42. Bd4 Rxh2 43. Kc4 Rc2+ 44. Kd3 Rg2 0-1


[Site "https://www.chess.com"]

[Event "Titled Tuesday Blitz November 08 Late 2022"]
[White "Kleiman, Jake"]
[Black "Prem, Pranav"]
[WhiteFideId "2020041"]
[BlackFideId "30901057"]
[WhiteElo "2510"]
[BlackElo "1970"]
[Result "0-1"]
[Round "04"]
[TimeControl "180+1"]
[Date "2022.11.09"]
[WhiteClock "0:01:12"]
[BlackClock "0:01:04"]

1. e4 c5 2. c3 d5 3. exd5 Qxd5 4. d4 Nf6 5. Nf3 e6 6. Na3 Nc6 7. Be3 cxd4 8. Nb5 Qd8 9. Nbxd4 Bd7 10. Bd3 Bd6 11. O-O O-O 12. Bg5 h6 13. Bh4 Nxd4 14. Nxd4 Be7 15. Qe2 Qb6 16. Rad1 Rfd8 17. Nf5 exf5 18. Qxe7 Re8 19. Qa3 g5 20. Bg3 f4 21. Bh7+ Kxh7 22. Rd6 Qb5 23. Rxf6 Qxf1+ 24. Kxf1 Bb5+ 0-1


[Site "https://www.chess.com"]

[Event "Titled Tuesday Blitz November 08 Late 2022"]
[White "Kollars, Dmitrij"]
[Black "Principe, Gerson"]
[WhiteFideId "12909572"]
[BlackFideId "3804550"]
[WhiteElo "2584"]
[BlackElo "2280"]
[Result "1-0"]
[Round "04"]
[TimeControl "180+1"]
[Date "2022.11.08"]
[WhiteClock "0:00:23"]
[BlackClock "0:00:15"]

1. Nf3 Nf6 2. c4 e6 3. Nc3 d5 4. e3 Be7 5. b3 O-O 6. Bb2 c6 7. Be2 Nbd7 8. Qc2 b6 9. O-O Bb7 10. Rac1 Rc8 11. Qb1 a6 12. d4 c5 13. cxd5 exd5 14. Rfd1 Bd6 15. Qf5 Re8 16. dxc5 bxc5 17. Bd3 Qe7 18. Qh3 Ne5 19. Nxe5 Bxe5 20. Ba3 Bd6 21. Na4 g6 22. Bb2 Nd7 23. Bf1 Be5 24. Ba3 Bd6 25. Rc2 Red8 26. Be2 d4 27. Bf3 Bxf3 28. Qxf3 dxe3 29. Qxe3 Qxe3 30. fxe3 Be7 31. Rcd2 Nf6 32. Rxd8+ Rxd8 33. Rxd8+ Bxd8 34. Bxc5 Ne4 35. Bd4 Nd6 36. Kf1 f5 37. Ke2 Kf7 38. Kd3 a5 39. Nc3 Ke6 40. e4 fxe4+ 41. Nxe4 Nb5 42. Bb2 Na7 43. Kc4 Nc6 44. Bc3 Kf5 45. Nd6+ Kf4 46. Nb7 Bc7 47. Kb5 Nb8 48. Bxa5 Be5 49. Bd2+ Ke4 50. a4 Kd3 51. Bh6 Bxh2 52. a5 Kc3 53. b4 Be5 54. Bf8 h5 55. a6 Nxa6 56. Kxa6 g5 57. b5 Kc4 58. Bd6 Bd4 59. b6 Bxb6 60. Kxb6 Kd5 61. Be7 g4 62. g3 Ke4 63. Bh4 Kf5 64. Kc5 Kg6 65. Nd6 Kh7 66. Kd5 Kg7 67. Ke6 Kh6 68. Kf6 Kh7 69. Kg5 Kg7 70. Ne4 Kh7 71. Kxh5 Kg8 72. Kxg4 Kf7 73. Kf5 Kg7 74. g4 Kf8 75. g5 Kg8 76. g6 Kf8 77. Kf6 Kg8 78. g7 Kh7 79. Kf7 Kh6 80. g8=Q 1-0


[Site "https://www.chess.com"]

[Event "Titled Tuesday Blitz November 08 Late 2022"]
[White "Korchmar, Vasiliy"]
[Black "Storey, Charles H"]
[WhiteFideId "24131750"]
[BlackFideId "406686"]
[WhiteElo "2370"]
[BlackElo "2252"]
[Result "1-0"]
[Round "04"]
[TimeControl "180+1"]
[Date "2022.11.09"]
[WhiteClock "0:00:07"]
[BlackClock "0:00:01"]

1. e4 g6 2. d4 Bg7 3. Nc3 c5 4. d5 d6 5. Bb5+ Bd7 6. a4 Nf6 7. Nf3 O-O 8. O-O Bxb5 9. axb5 Nbd7 10. Qe2 Ne8 11. Bf4 Nc7 12. Ra2 Nb6 13. Rfa1 a6 14. bxa6 Nxa6 15. Nb5 Rc8 16. c3 Nd7 17. h4 c4 18. h5 Qb6 19. Nbd4 Nac5 20. h6 Bh8 21. e5 Nd3 22. Bg5 dxe5 23. Nc2 Bf6 24. Ne3 Bxg5 25. Nxg5 Nf4 26. Qf3 f6 27. Ne6 Nxe6 28. dxe6 Nb8 29. Ra7 Rc7 30. Nd5 Qd6 31. Nxc7 Qxc7 32. Rxb7 Qd6 33. Raa7 Re8 34. Qg4 f5 35. Qxc4 Qd1+ 36. Qf1 Qd6 37. Ra8 e4 38. Qb5 Qd1+ 39. Kh2 Qh5+ 40. Kg1 Qd1+ 41. Qf1 Qd6 42. g3 f4 43. gxf4 Qxf4 44. Qg2 Qc1+ 45. Kh2 Qxh6+ 46. Qh3 Qf4+ 47. Qg3 Qh6+ 48. Kg2 Rf8 49. Rbxb8 Rxb8 50. Rxb8+ Kg7 51. Qe5# 1-0


[Site "https://www.chess.com"]

[Event "Titled Tuesday Blitz November 08 Late 2022"]
[White "Korkmaz, Necmettin"]
[Black "Shahaliyev, Ismayil"]
[WhiteFideId "6303285"]
[BlackFideId "13406388"]
[WhiteElo "2094"]
[BlackElo "2306"]
[Result "1-0"]
[Round "04"]
[TimeControl "180+1"]
[Date "2022.11.09"]
[WhiteClock "0:01:23"]
[BlackClock "0:00:08"]

1. e4 c6 2. d4 d5 3. e5 Bf5 4. Nf3 e6 5. Be2 Nd7 6. O-O h6 7. Nbd2 Ne7 8. Nb3 g5 9. Be3 Ng6 10. Ne1 Nf4 11. Nd3 Nxe2+ 12. Qxe2 Qb6 13. f4 g4 14. Ndc5 a5 15. Nxd7 Kxd7 16. Nc5+ Bxc5 17. dxc5 Qa6 18. Qd2 a4 19. Bd4 h5 20. b3 h4 21. c4 h3 22. g3 Rhd8 23. cxd5 exd5 24. e6+ fxe6 25. Qe3 Be4 26. f5 exf5 27. Qh6 Re8 28. Qd6+ Kc8 29. Rae1 Qa5 30. Qg6 Qd8 31. Rxf5 Rg8 32. Qe6+ Kb8 33. Rf7 axb3 34. Be5+ Ka7 35. Qxc6 Qa5 36. Qxb7# 1-0


[Site "https://www.chess.com"]

[Event "Titled Tuesday Blitz November 08 Late 2022"]
[White "Kosakowski, Jakub"]
[Black "Ferriz Barrios, Andres"]
[WhiteFideId "1185080"]
[BlackFideId "5104467"]
[WhiteElo "2463"]
[BlackElo "2272"]
[Result "1-0"]
[Round "04"]
[TimeControl "180+1"]
[Date "2022.11.09"]
[WhiteClock "0:02:06"]
[BlackClock "0:01:57"]

1. d4 Nf6 2. c4 e5 3. dxe5 Ng4 4. Nf3 Bc5 5. e3 Nc6 6. Nc3 O-O 7. Be2 Re8 8. O-O Ncxe5 9. Nxe5 Nxe5 10. b3 a5 11. Bb2 Ra6 12. Ne4 Ba7 13. Ng3 Rh6 14. Bd4 Bb8 15. Nf5 Rf6 16. e4 d6 17. f4 Bxf5 18. exf5 Rxf5 19. fxe5 Rxf1+ 20. Qxf1 dxe5 21. Bc3 c6 22. Rd1 Qb6+ 23. Qf2 Qa6 24. c5 b5 25. cxb6 Qb7 26. Bc4 Rf8 27. Bxa5 Kh8 28. Bb4 1-0


[Site "https://www.chess.com"]